 Dungeon Sprint DCSS version 0.23.2-1-ga50397a6bc (webtiles) character file.

Game seed: 5259951125381806218

426 Ikoden the Martial Artist (level 6, 0/46 HPs)
             Began as an Octopode Transmuter on May 14, 2019.
             Was a Follower of Dithmenos.
             Slain by a sixfirhy (11 damage)
             ... summoned by a deep elf mage
             ... in the Dungeon (Sprint IX: "|||||||||||||||||||||||||||||").
             The game lasted 00:03:01 (803 turns).

Ikoden the Martial Artist (Octopode Transmuter)      Turns: 803, Time: 00:03:01

Health: 0/46       AC:  5    Str:  9    XL:     6   Next: 97%
Magic:  3/14       EV: 14    Int: 19    God:    Dithmenos [*.....]
Gold:   0          SH:  0    Dex: 14    Spells: 7/15 levels left

rFire    x . .     SeeInvis .     - Unarmed
rCold    + + +     Gourm    .   (shield currently unavailable)
rNeg     . . .     Faith    .   (helmet currently unavailable)
rPois    +         Spirit   .   (no amulet)
rElec    .         Reflect  .   o - +3 ring of intelligence
rCorr    .         Harm     .   (no ring)
MR       .....     NoTele   +   (no ring)
Stlth    +++.......             (no ring)
HPRegen  0.15/turn              (no ring)
MPRegen  0.14/turn              (no ring)
                                (no ring)
                                (no ring)

@: ice-form, no potions, very slightly contaminated, wreathed by umbra
A: large, almost no armour, stealthy swim, amphibious, 8 rings, (constrict 8)
a: End Transformation, Renounce Religion


You were in the Dungeon.
You worshipped Dithmenos.
Dithmenos was aware of your devotion.
You were not hungry.
You were a creature of crystalline ice.
You visited 1 branch

Inventory:

Hand Weapons
 n - the +10 dark maul {crush}
   (You found it in the Dungeon)

   It inflicts extra damage upon your enemies.
Missiles
 a - 25 arrows
Magical Staves
 m - an uncursed staff of energy
Jewellery
 o - a +3 ring of intelligence (left front paw)
 p - a +3 ring of dexterity
Wands
 l - a wand of iceblast (10)
Scrolls
 i - 2 scrolls of blinking
 j - 3 scrolls of remove curse
 k - 2 scrolls of amnesia
Potions
 d - 5 potions of curing
 f - a potion of haste
 g - 4 potions of magic
 h - a potion of berserk rage
Comestibles
 c - a ration


   Skills:
 + Level 2.0 Fighting
 + Level 6.9 Dodging
 + Level 4.8 Stealth
 + Level 10.0 Unarmed Combat
 + Level 5.4 Spellcasting
 + Level 5.0 Transmutations
 + Level 1.4 Poison Magic


You had 7 spell levels left.
You knew the following spells:

 Your Spells              Type           Power        Failure   Level  Hunger
a - Beastly Appendage     Tmut           ###...       1%          1    None
b - Spider Form           Tmut/Pois      ###.......   10%         3    ##.....
c - Ice Form              Ice/Tmut       ##......     38%         4    ####...

Your spell library contained the following spells:

 Spells                   Type           Power        Failure   Level  Hunger
 Sticks to Snakes         Tmut           ###.....     2%          2    None
 Blade Hands              Tmut           ###.......   38%         5    #####..


Dungeon Overview and Level Annotations

Branches:
Dungeon (1/1)

Altars:
Cheibriados
Dithmenos
Elyvilon
Fedhas
Gozag
Hepliaklqana
Kikubaaqudgha
Makhleb
Nemelex Xobeh
Okawaru
Qazlal
Ru
Sif Muna
Trog
Uskayaw
Vehumet
Wu Jian
Xom
Yredelemnul
Zin
The Shining One
Beogh
Jiyva
Lugonu


Innate Abilities, Weirdness & Mutations

You cannot wear most types of armour.
You are very stealthy in the water. (Stealth+)
You are amphibious.
You can wear up to eight rings at the same time.
((You can use your tentacles to constrict eight enemies at once.))
((Your skin changes colour to match your surroundings (Stealth+).))
((Your rubbery body absorbs attacks. (AC +1, EV +1)))


Message History

You closely miss the deep elf mage.
The deep elf mage is lightly wounded.
The deep elf mage mumbles some strange words.
The deep elf mage blinks!
The deep elf mage hits you with a +0 dagger.
The deep elf mage hits you but does no damage.
The deep elf mage mumbles some strange words.
You barely miss the deep elf mage. You closely miss the deep elf mage.
The deep elf mage gestures wildly while chanting.
The ice beast hits you but does no damage.
Aiming: Shadow Step
Press: ? - help, Dir - move target cursor, f - deep elf mage
Aim: a deep elf mage, wielding a +0 short sword (umbra)
You step into the deep elf mage's shadow.
You can no longer step into the shadows of nearby creatures.
The sixfirhy misses you. The sixfirhy hits you.
* * * LOW HITPOINT WARNING * * *
The sixfirhy shocks you!
You die... ▓▓▓▓▓▓▓▓▓▓▓▓▓▓▓▓▓▓▓▓▓▓▓▓▓▓▓▓ ...l5zYeY.eY3)..[[[)...'____ ▓▓▓▓▓▓▓▓▓▓▓▓▓▓▓▓▓▓▓▓▓▓▓▓▓▓▓▓

You could see 2 deep elf magi, a yak, a sixfirhy, an ice beast, a wight and a shadow imp.

Vanquished Creatures
  A hippogriff (D)
  A centaur (D)
  A bullfrog (D)
  A scorpion (D)
  A crimson imp (D)
  An adder (D)
  An adder skeleton (D)
  2 leopard geckos (D)
  2 orcs (D)
  A bat (D)
  A hobgoblin (D)
  A frilled lizard (D)
  A giant cockroach zombie (D)
  A kobold (D)
16 creatures vanquished.

Notes
Turn   | Place    | Note
-------+----------+-------------------------------------------
     0 | D        | Ikoden the Octopode Transmuter began the quest for the Orb.
     0 | D        | Reached XP level 1. HP: 13/13 MP: 3/3
    12 | D        | Reached skill level 4 in Unarmed Combat
    23 | D        | Reached XP level 2. HP: 8/18 MP: 2/5
   409 | D        | Reached XP level 3. HP: 16/23 MP: 5/7
   414 | D        | Found a roughly hewn altar of Beogh.
   414 | D        | Found a snail-covered altar of Cheibriados.
   414 | D        | Found a shadowy altar of Dithmenos.
   414 | D        | Found a white marble altar of Elyvilon.
   414 | D        | Found a blossoming altar of Fedhas.
   414 | D        | Found an opulent altar of Gozag.
   415 | D        | Found a hazy altar of Hepliaklqana.
   416 | D        | Found a viscous altar of Jiyva.
   417 | D        | Found an ancient bone altar of Kikubaaqudgha.
   418 | D        | Found a corrupted altar of Lugonu.
   421 | D        | Found a burning altar of Makhleb.
   423 | D        | Became a worshipper of Dithmenos the Shadowed
   425 | D        | Found a sparkling altar of Nemelex Xobeh.
   426 | D        | Found an iron altar of Okawaru.
   427 | D        | Found a stormy altar of Qazlal.
   428 | D        | Found a sacrificial altar of Ru.
   429 | D        | Found a deep blue altar of Sif Muna.
   430 | D        | Found a bloodstained altar of Trog.
   431 | D        | Found a hide-covered altar of Uskayaw.
   432 | D        | Found a radiant altar of Vehumet.
   433 | D        | Found an ornate altar of the Wu Jian Council.
   434 | D        | Found a shimmering altar of Xom.
   435 | D        | Found a basalt altar of Yredelemnul.
   436 | D        | Found a glowing silver altar of Zin.
   437 | D        | Found a glowing golden altar of the Shining One.
   455 | D        | Found the +10 dark maul {crush}
   471 | D        | Learned a level 3 spell: Spider Form
   498 | D        | Noticed a scorpion
   498 | D        | Noticed a centaur
   498 | D        | Noticed a bullfrog
   498 | D        | Noticed a hippogriff
   508 | D        | Killed a hippogriff
   508 | D        | Reached skill level 5 in Dodging
   508 | D        | Reached skill level 8 in Unarmed Combat
   508 | D        | Reached XP level 4. HP: 28/28 MP: 6/10
   508 | D        | Reached XP level 5. HP: 33/33 MP: 6/11
   516 | D        | Reached * piety under Dithmenos
   516 | D        | Reached XP level 6. HP: 38/39 MP: 6/13
   522 | D        | Reached skill level 9 in Unarmed Combat
   522 | D        | Reached skill level 5 in Spellcasting
   522 | D        | Reached skill level 1 in Poison Magic
   526 | D        | Reached skill level 5 in Transmutations
   531 | D        | Reached ** piety under Dithmenos
   531 | D        | Reached skill level 10 in Unarmed Combat
   771 | D        | Learned a level 4 spell: Ice Form
   792 | D        | Noticed a komodo dragon
   792 | D        | Noticed a deep elf mage
   792 | D        | Noticed a yak
   792 | D        | Noticed a deep elf mage
   801 | D        | Noticed an ice beast
   803 | D        | Noticed a sixfirhy
   803 | D        | Slain by a sixfirhy

Skill      XL: |  1  2  3  4  5  6 |
---------------+-------------------+-----
Unarmed Combat | 4 8 10 | 10.0
Dodging        | 3 5 6 |  6.9
Stealth        | 2 4 |  4.8
Spellcasting   | 4 5 |  5.4
Transmutations | 4 5 |  5.0
Poison Magic   | 1 |  1.4
Fighting       | 2 |  2.0

Action                   |  1- 3 |  4- 6 || total
-------------------------+-------+-------++-------
Melee: Unarmed           |    38 |    24 ||    62
       Constrict         |     8 |       ||     8
       Tentacles         |     5 |     1 ||     6
       Kick              |     6 |       ||     6
       Punch             |     1 |       ||     1
 Cast: Beastly Appendage |     3 |       ||     3
       Spider Form       |     1 |     1 ||     2
       Ice Form          |       |     1 ||     1
Invok: Shadow Step       |       |     1 ||     1
  Use: Potion            |     2 |     2 ||     4
 Stab: Invisible         |       |     5 ||     5
Armor: Skin              |     3 |     2 ||     5
Dodge: Dodged            |    40 |    20 ||    60
